Cogmind - Beta 14 @@@ ROGUE MODE // 2024.10.18 @ 23:07:08 Player: WazdakkaGutsmek Result: Destroyed by S-27 Virus with Autogun Performance ------------- Evolutions (5) 2500 Regions Visited (16) 3200 Robots Destroyed (160) 800 Value Destroyed (7024) 7024 Prototype IDs (35) 700 Alien Tech Used (0) 0 Bonus (3578) 3578 TOTAL SCORE: 17802 Bonus ------- High Alert Combat Kills 589 Follower Combat Kills 876 Entered Garrisons 800 Used RIF Installer 1500 Aligned with FarCom 300 Friendly Fire -487 Cogmind --------- Core Integrity 0/1000 Matter 24/300 Energy 85/100 System Corruption 2% Temperature Cool (0) Movement Treading (170) Location -5/Factory Parts ------- > --- POWER (2) -------- (None) > --- PROPULSION (6) --- Armored Medium Treads > --- UTILITY (6) ------ (None) > --- WEAPON (3) ------- Remote Datajack > --- INVENTORY (5) ---- Relay Coupler [NC] (38) Relay Coupler [Grunt] (23) Relay Coupler [Sentry] (25) Peak State ------------ > --- POWER ------------ Micro Nuclear Core Light Fission Core > --- PROPULSION ------- Medium Treads Wheel Wheel Compact Wheel > --- UTILITY ---------- Improved Heat Sink High-capacity Storage Unit Improved Reaction Control System Medium Reactive Plating Relay Coupler [Grunt] Relay Coupler [Sentry] > --- WEAPON ----------- Heavy Particle Gun Guided EMP Blaster > --- INVENTORY -------- Wheel Improved Heat Sink Advanced Heat Sink Energy Well Compact Matter Pod Advanced Targeting Computer Advanced ECM Suite Layered Light Armor Plating Medium Reactive Plating Relay Coupler [NC] Relay Coupler [Grunt] Relay Coupler [Sentry] Relay Coupler [Hunter] Heavy Particle Cannon Coil Gun Heavy Missile Launcher Rocket Array Remote Datajack Remote Datajack [Rating: 59] Favorites ----------- Power Heavy Ion Engine Engine Heavy Ion Engine Power Core Light Nuclear Core Reactor Particle Reactor Propulsion Light Treads Treads Light Treads Leg Aluminum Leg Wheel Compact Wheel Utility High-capacity Storage Unit Device Improved Heat Sink Storage High-capacity Storage Unit Processor Advanced Targeting Computer Hackware Relay Coupler [Grunt] Protection Hardened Medium Armor Plating Weapon Improved Assault Rifle Energy Gun Heavy Particle Gun Energy Cannon Heavy Particle Cannon Ballistic Gun Improved Assault Rifle Ballistic Cannon Flak Cannon Launcher Grenade Launcher Special Weapon Remote Datajack Impact Weapon Flail Build | -11 -10 -10 -9 -9 -9 -8 -8 -7 -7 -7 -7 -6 -6 -6 -6 -5 ------- Run | Yrd Mat Min Mat Min Exi Min Mat Fac Gar Fac Gar Fac Gar Fac Gar Fac Slots Evolved 10 | . . . 2 . . . 2 2 . . . 2 . . . 2 Power 1 | . . . . . . . . . . . . 1 . . . . Propulsion 4 | . . . . . . . 2 . . . . . . . . 2 Utility 4 | . . . 2 . . . . 2 . . . . . . . . Weapon 1 | . . . . . . . . . . . . 1 . . . . Parts Attached 168 | . 2 1 16 8 . 1 17 18 19 2 19 7 21 34 1 2 Power 8 | . . . 2 . . . . 1 1 . 2 1 1 . . . Engine 4 | . . . 2 . . . . 1 . . 1 . . . . . Core 3 | . . . . . . . . . . . 1 1 1 . . . Reactor 1 | . . . . . . . . . 1 . . . . . . . Propulsion 30 | . . . 4 . . . 3 4 4 . 1 2 3 8 . 1 Treads 20 | . . . 4 . . . 3 4 4 . 1 . 1 2 . 1 Leg . | . . . . . . . . . . . . . . . . . Wheel 10 | . . . . . . . . . . . . 2 2 6 . . Hover . | . . . . . . . . . . . . . . . . . Flight . | . . . . . . . . . . . . . . . . . Utility 47 | . 1 . 6 . . . 5 3 6 2 8 2 5 9 . . Device 16 | . 1 . . . . . . 2 2 2 3 2 . 4 . . Storage 1 | . . . 1 . . . . . . . . . . . . . Processor 3 | . . . 1 . . . 2 . . . . . . . . . Hackware 14 | . . . . . . . 1 1 1 . 5 . 4 2 . . Protection 13 | . . . 4 . . . 2 . 3 . . . 1 3 . . Artifact . | . . . . . . . . . . . . . . . . . Weapon 83 | . 1 1 4 8 . 1 9 10 8 . 8 2 12 17 1 1 Energy Gun 13 | . . . . . . . . 2 5 . 2 . 3 1 . . Energy Cannon 7 | . . . . 1 . . . 2 . . . . . 4 . . Ballistic Gun 21 | . . 1 4 4 . . 4 1 . . 1 2 1 3 . . Ballistic Cannon 3 | . . . . . . . . 3 . . . . . . . . Launcher 25 | . . . . 3 . 1 5 1 3 . 1 . 4 7 . . Special Weapon 13 | . 1 . . . . . . . . . 4 . 4 2 1 1 Impact Weapon 1 | . . . . . . . . 1 . . . . . . . . Slashing Weapon . | . . . . . . . . . . . . . . . . . Piercing Weapon . | . . . . . . . . . . . . . . . . . Special Melee Weapon . | . . . . . . . . . . . . . . . . . Unidentified Prototypes 8 | . . . 2 . . . 1 3 . . . 1 . 1 . . Parts Lost 34 | . . . 3 . . . 1 3 4 . 6 1 4 12 . . Power 4 | . . . . . . . . 1 . . 1 . . 2 . . Propulsion 12 | . . . . . . . . . 2 . 2 1 2 5 . . Utility 14 | . . . 3 . . . 1 1 2 . 3 . . 4 . . Weapon 4 | . . . . . . . . 1 . . . . 2 1 . . Highest Loss Streak 7 | . . . 1 . . . 1 3 1 . 3 1 2 7 . . To Critical Strikes . | . . . . . . . . . . . . . . . . . Average Slot Usage (%) 88 | . 98 100 97 100 100 100 99 97 89 99 81 78 79 91 45 . Engine 5 | . 14 14 11 11 11 11 9 6 3 . 2 . . . . . Core 2 | . . . . . . . . . . . 2 6 13 12 . . Treads 19 | . . . 18 22 22 22 36 30 25 30 21 10 1 5 4 . Leg 1 | . 28 28 3 . . . . . . . . . . . . . Wheel 1 | . . . . . . . . . . . . . 7 17 9 . Device 5 | . 12 14 2 . . . . 6 8 6 5 13 13 12 9 . Storage 10 | . 14 14 14 22 22 22 10 7 7 7 7 6 6 6 4 . Processor 7 | . . . 8 11 11 11 10 13 7 7 7 6 . . . . Hackware 5 | . . . . . . . 5 7 4 7 9 13 9 5 4 . Protection 8 | . . . 15 11 11 11 9 7 11 15 5 . 5 13 4 . Energy Gun 4 | . 14 14 . . . . . 1 14 15 7 6 6 4 . . Ballistic Gun 9 | . 13 14 21 21 22 15 14 5 . . 2 12 5 2 4 . Launcher 1 | . . . . . . 6 3 2 . . . . 3 1 . . Peak Build Rating 59 | 6 7 7 22 23 23 23 31 50 52 52 53 49 52 59 36 10 Average Rating 34 | 6 6 7 16 22 23 22 29 45 46 51 39 43 46 50 25 1 On Entrance 27 | 6 6 7 7 22 23 23 22 31 47 52 52 37 49 45 32 1 Naked Turns 515 | . . . . . . . . . . . . . . . 39 476 Heaviest Build 120 | 12 13 13 67 70 67 67 70 69 79 77 77 66 91 120 53 . Greatest Support 96 | 20 20 20 40 40 40 40 80 88 96 96 96 40 32 52 26 3 Greatest Overweight (x) 5 | . . . 1 1 1 1 . . 1 . 1 4 5 4 2 . Average Overweight (x) . | . . . . 1 1 1 . . . . . 1 4 2 . . Largest Inventory Capacity 20 | 8 8 8 20 20 20 20 20 20 20 20 20 20 20 20 20 5 Average Capacity 18 | 8 8 8 12 20 20 20 20 20 20 20 20 20 20 20 15 5 Most Carried 20 | 6 8 8 15 17 19 19 20 20 20 20 20 20 20 20 12 5 Average Carried 16 | 6 6 7 8 16 17 19 18 19 18 19 17 18 19 17 8 4 Final Capacity 20 | 8 8 8 20 20 20 20 20 20 20 20 20 20 20 20 5 5 Final Carried 20 | 6 8 7 15 17 19 19 19 20 20 20 19 20 18 11 4 3 Class Distribution -------------------- 52% | Mutant 15% | Bothacker-Skirmisher 9% | Bothacker-Mutant 9% | Skirmisher 6% | Commander-Mutant Dominant Class ---------------- Mutant | -10/Materials Mutant | -10/Mines Mutant | -9/Materials Mutant | -9/Mines Mutant | -9/Exiles Mutant | -8/Mines Mutant | -8/Materials Skirmisher | -7/Factory Mutant | -7/Garrison Bothacker-Mutant | -7/Factory Commander-Mutant | -7/Garrison Bothacker-Skirmisher | -6/Factory Bothacker-Skirmisher | -6/Garrison Scavenger-Tank | -6/Factory Scavenger-Mutant | -6/Garrison Mutant | -5/Factory Resources | -11 -10 -10 -9 -9 -9 -8 -8 -7 -7 -7 -7 -6 -6 -6 -6 -5 ----------- Run | Yrd Mat Min Mat Min Exi Min Mat Fac Gar Fac Gar Fac Gar Fac Gar Fac Matter Collected 4230 | 200 28 33 579 170 . . 310 230 875 20 495 366 336 588 . . Remotely . | . . . . . . . . . . . . . . . . . Salvage Created 5343 | . 35 33 1219 121 . . 720 313 1045 20 353 209 465 810 . . Parts 266 | . 4 2 67 21 . . 38 18 44 3 11 10 15 33 . . Haulers Intercepted 9 | . . . 4 . . . 2 1 . . . . . 2 . . Recyclers Shooed 7 | . 1 . . . . . 1 1 . . . 1 . 3 . . Parts Field Recycled . | . . . . . . . . . . . . . . . . . Retrieved Matter . | . . . . . . . . . . . . . . . . . Parts Self-Destructed . | . . . . . . . . . . . . . . . . . Prevented . | . . . . . . . . . . . . . . . . . Kills | -11 -10 -10 -9 -9 -9 -8 -8 -7 -7 -7 -7 -6 -6 -6 -6 -5 ------- Run | Yrd Mat Min Mat Min Exi Min Mat Fac Gar Fac Gar Fac Gar Fac Gar Fac Combat Hostiles Destroyed 117 | . . 1 20 10 . . 10 7 30 . 17 1 9 12 . . Guns 54 | . . 1 20 3 . . 4 3 14 . 3 1 3 2 . . Cannons 5 | . . . . . . . . 4 . . . . . 1 . . AOE 54 | . . . . 7 . . 6 . 13 . 13 . 6 9 . . Classes Destroyed 15 | . 1 1 8 1 . . 1 1 . . 1 . . 1 . . Worker 8 | . . . 2 . . . 2 . . . . 1 . 3 . . Builder 10 | . . . 1 . . . 5 2 . 1 . . . 1 . . Tunneler 4 | . . . . 1 . . . 1 . . . . . 2 . . Hauler 9 | . . . 4 . . . 2 1 . . . . . 2 . . Recycler 4 | . . . 1 1 . . . . . . . 1 . 1 . . Operator 4 | . 2 . . . . . . 1 . . . 1 . . . . Watcher 2 | . . . 1 . . . . . . . . . . 1 . . Swarmer 36 | . . . 3 10 . . . . 11 . 11 . 1 . . . Grunt 49 | . . 1 8 . . . 8 4 10 . 2 . 8 8 . . Brawler 7 | . . . 2 . . . . . 2 . 2 . . 1 . . Duelist 2 | . . . . . . . . . . . 1 . 1 . . . Protector 1 | . . . . . . . . . . . . . . 1 . . Sentry 9 | . . . 7 . . . 1 . . . . . . 1 . . Hunter 5 | . . . . . . . 1 . 3 . . . 1 . . . Programmer 10 | . . . . . . . . 3 4 . 1 1 . 1 . . Best Kill Streak 14 | . 1 1 4 4 . . 9 3 7 1 14 2 4 7 . . Combat Bots Only 14 | . . 1 4 3 . . 4 3 7 . 14 1 4 6 . . Max Kills in Single Turn 7 | . 1 1 2 3 . . 3 1 4 1 7 1 3 3 . . Gunslinging 1 | . . . 1 . . . . . . . . . . . . . Exploded 7 | . . . . 3 . . 2 . 4 . 7 . 3 3 . . Melee . | . . . . . . . . . . . . . . . . . Uniques/NPCs Destroyed . | . . . . . . . . . . . . . . . . . Combat | -11 -10 -10 -9 -9 -9 -8 -8 -7 -7 -7 -7 -6 -6 -6 -6 -5 -------- Run | Yrd Mat Min Mat Min Exi Min Mat Fac Gar Fac Gar Fac Gar Fac Gar Fac Hostile Shots Fired 816 | . 1 11 91 31 . 2 41 28 115 . 84 . 72 206 38 96 Missed 277 | . . 1 23 9 . . 11 7 27 . 33 . 24 86 18 38 Damage Taken 8693 | . 40 107 836 235 . 28 599 863 1439 . 934 18 553 1616 342 1083 Core 2180 | . 10 20 91 13 . . 18 90 152 . 172 . 14 258 342 1000 Absorbed by Shields 49 | . . . . . . . . . 30 . . . 19 . . . Ignored by Resistances 175 | . . . . . . . . . . . . . 64 111 . . Core Remaining (%) 70 | 100 . 88 . . . 74 96 . . . 40 . . . 27 . Volleys Fired 406 | . 9 11 68 19 . . 29 40 72 . 59 6 27 66 . . Largest 3 | . 2 1 2 2 . . 2 2 2 . 2 3 3 3 . . Hottest 169 | . 100 20 46 75 . . 66 119 136 . 136 116 143 169 . . Shots Fired 722 | . 17 11 136 34 . . 55 63 138 1 78 18 48 123 . . Gun 558 | . 16 11 136 25 . . 46 25 132 1 53 18 35 60 . . Cannon 80 | . . . . 4 . . . 38 . . . . . 38 . . Launcher 41 | . . . . 5 . . 9 . 6 . 3 . 6 12 . . Special 43 | . 1 . . . . . . . . . 22 . 7 13 . . Kinetic 327 | . 8 11 136 25 . . 46 39 . . 7 12 13 30 . . Thermal 282 | . 1 . . 4 . . . 24 132 1 46 6 12 56 . . Explosive 35 | . . . . 5 . . 3 . 6 . 3 . 6 12 . . Electromagnetic 36 | . 8 . . . . . 6 . . . . . 10 12 . . Robot Hit Streak 28 | . 2 7 28 7 . . 14 11 11 5 12 5 11 9 . . Robot Miss Streak 6 | . 4 1 2 4 . . 4 6 5 . 6 2 2 6 . . Penetration Max 1 | . . . . . . . . . . . . . 1 . . . Secondary Targets 3 | . . . 2 . . . . . 1 . . . . . . . Max Gunslinging Chain 1 | . . . 1 . . . . . 1 . . . . . . . Shots Hit Robots 445 | . 6 9 98 11 . . 40 50 84 1 41 13 23 69 . . Core Hits 349 | . 2 2 43 14 . . 34 44 63 1 36 12 34 64 . . Critical Kills 3 | . . . 1 . . . . . . . . 1 1 . . . Critical Parts Destroyed 1 | . . . . . . . . . . . . . . 1 . . Critical Strikes 12 | . . . 1 . . . . . 6 . . 1 2 2 . . Burn 8 | . . . . . . . . . 6 . . . 1 1 . . Destroy 4 | . . . 1 . . . . . . . . 1 1 1 . . Melee Attacks 7 | . . . . . . . . 7 . . . . . . . . Impact 7 | . . . . . . . . 7 . . . . . . . . Slashing . | . . . . . . . . . . . . . . . . . Piercing . | . . . . . . . . . . . . . . . . . Sneak Attacks . | . . . . . . . . . . . . . . . . . Combat Hostiles . | . . . . . . . . . . . . . . . . . Follow-up Attacks . | . . . . . . . . . . . . . . . . . Damage Inflicted 14218 | . 117 113 1516 578 . . 1247 1175 2832 22 1425 316 1667 3181 . 29 Guns 6261 | . 79 113 1516 193 . . 572 417 1651 22 487 316 355 540 . . Cannons 1383 | . . . . . . . . 758 . . . . . 625 . . Explosions 6545 | . 38 . . 385 . . 675 . 1181 . 938 . 1312 2016 . . Melee . | . . . . . . . . . . . . . . . . . Ramming 29 | . . . . . . . . . . . . . . . . 29 Kinetic 4018 | . 45 113 1516 193 . . 572 802 . . 56 236 200 285 . . Thermal 4013 | . 38 . . . . . 111 373 1651 22 431 80 435 872 . . Explosive 5605 | . . . . 385 . . 91 . 1181 . 938 . 994 2016 . . Electromagnetic 553 | . 34 . . . . . 473 . . . . . 38 8 . . Impact . | . . . . . . . . . . . . . . . . . Slashing . | . . . . . . . . . . . . . . . . . Piercing . | . . . . . . . . . . . . . . . . . Highest Corruption 29 | . . . . . . . 5 17 23 23 29 . 2 16 16 2 Average Corruption 15 | . . . . . . . 3 6 20 23 27 . 1 4 16 1 Corruption Purged . | . . . . . . . . . . . . . . . . . Corruption Blocked . | . . . . . . . . . . . . . . . . . Effects 250 | . . . . . . . 8 23 87 31 76 . . 22 3 . Message Errors 59 | . . . . . . . 3 4 24 8 15 . . 4 1 . Matter Fused 57 | . . . . . . . 1 4 23 6 16 . . 6 1 . Heat Flow Errors 36 | . . . . . . . . 3 9 5 16 . . 3 . . Energy Discharges 33 | . . . . . . . 3 6 5 4 11 . . 3 1 . Parts Rejected 3 | . . . . . . . . . 1 . 2 . . . . . Parts Fused 1 | . . . . . . . . . . 1 . . . . . . Data Loss (minor) 25 | . . . . . . . . 1 10 5 7 . . 2 . . Data Loss (major) 10 | . . . . . . . . 2 3 1 1 . . 3 . . Misfires 6 | . . . . . . . . 1 3 1 1 . . . . . Alerts 5 | . . . . . . . . 1 2 . 2 . . . . . Misdirections 1 | . . . . . . . . . . . 1 . . . . . Weapon Failures 14 | . . . . . . . 1 1 7 . 4 . . 1 . . Overload Shots . | . . . . . . . . . . . . . . . . . Overflow Damage 119 | . . . . . . . . 5 18 . 50 . 21 25 . . Projectiles 19 | . . . . . . . . 5 . . . . . 14 . . Explosions 100 | . . . . . . . . . 18 . 50 . 21 11 . . Melee . | . . . . . . . . . . . . . . . . . Knockbacks 12 | . . . . . . . . 12 . . . . . . . . Impact . | . . . . . . . . . . . . . . . . . Kinetic 12 | . . . . . . . . 12 . . . . . . . . Secondary . | . . . . . . . . . . . . . . . . . Self-Inflicted Damage 590 | . 30 . . 49 . . 115 41 42 . 154 . 102 46 . 11 Shots 23 | . 1 . . 3 . . 6 1 3 . 4 . 2 3 . . Rammed 12 | . . . . . . . . . . . . . . . . 12 Targets Rammed 12 | . . . . . . . . . . . . . . . . 12 Kicked . | . . . . . . . . . . . . . . . . . Crushed . | . . . . . . . . . . . . . . . . . Highest Temperature 766 | . 26 . 82 128 . . 94 275 234 231 757 . 39 766 . . Average Temperature 106 | . 14 . 20 67 . . 25 51 56 91 186 . 10 219 . . Received Heat Transfer 1800 | . 6 60 294 . . 18 279 36 360 . 165 6 174 336 12 54 Effects 46 | . . . . . . . . . . . 13 . . 33 . . Shutdowns 15 | . . . . . . . . . . . 2 . . 13 . . Energy Bleed 6 | . . . . . . . . . . . 3 . . 3 . . Interference 4 | . . . . . . . . . . . . . . 4 . . Matter Decay 7 | . . . . . . . . . . . 4 . . 3 . . Short Circuit 3 | . . . . . . . . . . . 1 . . 2 . . Damage (minor) 3 | . . . . . . . . . . . 2 . . 1 . . Damage (major) 6 | . . . . . . . . . . . . . . 6 . . Damage (core) 2 | . . . . . . . . . . . 1 . . 1 . . Siege Activations . | . . . . . . . . . . . . . . . . . Robots Corrupted . | . . . . . . . . . . . . . . . . . Combat Hostiles . | . . . . . . . . . . . . . . . . . Parts Fried 2 | . . . . . . . 2 . . . . . . . . . Impact Corruptions . | . . . . . . . . . . . . . . . . . Robots Melted 4 | . . . . . . . . . 3 . 1 . . . . . Combat Hostiles 4 | . . . . . . . . . 3 . 1 . . . . . Parts Melted 17 | . . . . . . . . . 9 . 3 1 1 3 . . Heat Transferred 7407 | . 50 . . . . . 250 518 3384 37 777 148 696 1547 . . Parts Sabotaged . | . . . . . . . . . . . . . . . . . Parts Stolen . | . . . . . . . . . . . . . . . . . Parts Stripped . | . . . . . . . . . . . . . . . . . Power Chain Reactions 5 | . 1 . . . . . 3 . . . . . 1 . . . Alert | -11 -10 -10 -9 -9 -9 -8 -8 -7 -7 -7 -7 -6 -6 -6 -6 -5 ------- Run | Yrd Mat Min Mat Min Exi Min Mat Fac Gar Fac Gar Fac Gar Fac Gar Fac Peak Influence 1327 | . 71 62 460 189 . . 272 122 1055 553 1327 696 654 616 376 305 Initial 696 | . . 27 24 93 . . . 95 45 553 250 696 156 343 295 197 Average 354 | . 43 41 261 103 . . 79 67 687 476 931 380 460 421 305 196 Maximum Alert Level 4 | . . . 2 . . . 1 . 3 2 4 2 2 2 1 1 Low Security (%) 42 | 100 100 100 22 100 . 100 74 100 12 . . 14 12 . . 81 Level 1 23 | . . . 68 . . . 25 . 8 38 20 57 5 41 100 18 Level 2 19 | . . . 8 . . . . . 16 61 8 27 81 58 . . Level 3 9 | . . . . . . . . . 62 . 16 . . . . . Level 4 5 | . . . . . . . . . . . 54 . . . . . Level 5 . | . . . . . . . . . . . . . . . . . High Security . | . . . . . . . . . . . . . . . . . Max Security . | . . . . . . . . . . . . . . . . . Squads Dispatched 20 | . 1 . . 1 . . 3 5 . . . 2 . 7 . 1 Investigation 3 | . . . . . . . 1 1 . . . . . 1 . . Extermination 7 | . . . . . . . . 3 . . . 2 . 1 . 1 Reinforcement 7 | . 1 . . 1 . . 2 1 . . . . . 2 . . Assault 1 | . . . . . . . . . . . . . . 1 . . Garrison 2 | . . . . . . . . . . . . . . 2 . . Intercept . | . . . . . . . . . . . . . . . . . Searches Triggered . | . . . . . . . . . . . . . . . . . Construction Impeded 2 | . . . . 1 . . 1 . . . . . . . . . Haulers Reinforced 2 | . . . . . . . . . . . . . . 2 . . Active Scanning Responses . | . . . . . . . . . . . . . . . . . Cargo Convoy Interrupts . | . . . . . . . . . . . . . . . . . Stealth | -11 -10 -10 -9 -9 -9 -8 -8 -7 -7 -7 -7 -6 -6 -6 -6 -5 --------- Run | Yrd Mat Min Mat Min Exi Min Mat Fac Gar Fac Gar Fac Gar Fac Gar Fac Distress Signals 7 | . 1 . 2 . . . 2 . . . . . . 1 . 1 Communications Jammed . | . . . . . . . . . . . . . . . . . Distress Signals . | . . . . . . . . . . . . . . . . . Times Spotted 233 | . 7 4 26 12 . 3 12 14 27 . 32 4 25 22 18 27 Peak Tracking Total 14 | . 4 2 5 4 . 3 8 3 5 . 7 1 5 6 14 14 Tactical Retreats 11 | . . 1 . . . . 1 . 1 . 1 . . . 2 5 Traps | -11 -10 -10 -9 -9 -9 -8 -8 -7 -7 -7 -7 -6 -6 -6 -6 -5 ------- Run | Yrd Mat Min Mat Min Exi Min Mat Fac Gar Fac Gar Fac Gar Fac Gar Fac Traps Triggered 17 | . . . . . . . 2 1 3 . 4 . 4 1 1 1 Indirectly . | . . . . . . . . . . . . . . . . . Trap Hack Attempts . | . . . . . . . . . . . . . . . . . Triggered . | . . . . . . . . . . . . . . . . . Disarmed . | . . . . . . . . . . . . . . . . . Reprogrammed . | . . . . . . . . . . . . . . . . . Reused . | . . . . . . . . . . . . . . . . . Traps Extracted . | . . . . . . . . . . . . . . . . . Installed . | . . . . . . . . . . . . . . . . . Triggered . | . . . . . . . . . . . . . . . . . Machines | -11 -10 -10 -9 -9 -9 -8 -8 -7 -7 -7 -7 -6 -6 -6 -6 -5 ---------- Run | Yrd Mat Min Mat Min Exi Min Mat Fac Gar Fac Gar Fac Gar Fac Gar Fac Machines Disabled 38 | . . . . . . . 1 2 3 . 5 1 4 22 . . Max in Single Turn 2 | . . . . . . . 1 2 1 . 2 1 1 2 . . Garrison Relay 8 | . . . . . . . . . 3 . 2 . 3 . . . Phase Generator 1 | . . . . . . . . . . . 1 . . . . . Machines Repaired . | . . . . . . . . . . . . . . . . . Machines Dismantled . | . . . . . . . . . . . . . . . . . Machines Sabotaged . | . . . . . . . . . . . . . . . . . Overloaded Fab Kills . | . . . . . . . . . . . . . . . . . Hacking | -11 -10 -10 -9 -9 -9 -8 -8 -7 -7 -7 -7 -6 -6 -6 -6 -5 --------- Run | Yrd Mat Min Mat Min Exi Min Mat Fac Gar Fac Gar Fac Gar Fac Gar Fac Machines Accessed 35 | . 3 . 6 . 1 . 2 6 2 4 . 2 2 4 . 3 Terminals 27 | . 3 . 6 . . . 2 4 2 3 . 1 2 2 . 2 Fabricators . | . . . . . . . . . . . . . . . . . Repair Stations 1 | . . . . . . . . . . . . . . . . 1 Recycling Units 1 | . . . . . . . . . . . . . . 1 . . Scanalyzers . | . . . . . . . . . . . . . . . . . Garrison Access 5 | . . . . . . . . 2 . 1 . 1 . 1 . . Total Hacks 83 | . 7 . 19 . 1 . 10 16 3 7 . 5 5 5 . 5 Successful 40 | . 5 . 12 . 1 . 6 8 2 1 . 2 1 1 . 1 Failed 43 | . 2 . 7 . . . 4 8 1 6 . 3 4 4 . 4 Catastrophic 9 | . . . . . . . . 4 . 2 . . 1 2 . . Database Lockouts . | . . . . . . . . . . . . . . . . . Manual 38 | . 6 . 11 . 1 . 8 4 . 6 . . . 1 . 1 Terminals 72 | . 7 . 19 . . . 10 13 3 6 . 4 5 3 . 2 Fabricators . | . . . . . . . . . . . . . . . . . Repair Stations 3 | . . . . . . . . . . . . . . . . 3 Recycling Units 1 | . . . . . . . . . . . . . . 1 . . Scanalyzers . | . . . . . . . . . . . . . . . . . Garrison Access 6 | . . . . . . . . 3 . 1 . 1 . 1 . . Terminal Hacks 17 | . 1 . 4 . 1 . 2 4 2 . . 1 1 . . 1 Record 2 | . . . . . . . . 2 . . . . . . . . Prototype ID Bank 1 | . . . . . . . . 1 . . . . . . . . Open DSF 1 | . . . . . . . . . . . . . . . . 1 Emergency Access Points 2 | . . . . . . . . . 1 . . . 1 . . . Unreport Threat 1 | . . . . . . . . . . . . 1 . . . . Locate Traps 2 | . . . 2 . . . . . . . . . . . . . Hauler Manifests 1 | . . . 1 . . . . . . . . . . . . . Registered Components 2 | . . . . . . . 1 1 . . . . . . . . Zone Layout 3 | . 1 . 1 . . . 1 . . . . . . . . . Garrison Registry 1 | . . . . . . . . . 1 . . . . . . . Derelict Proto ID Bank 1 | . . . . . 1 . . . . . . . . . . . Fabricator Hacks . | . . . . . . . . . . . . . . . . . Repair Station Hacks . | . . . . . . . . . . . . . . . . . Recycling Unit Hacks . | . . . . . . . . . . . . . . . . . Scanalyzer . | . . . . . . . . . . . . . . . . . Garrison Access Hacks 4 | . . . . . . . . 1 . 1 . 1 . 1 . . Unlock Access 4 | . . . . . . . . 1 . 1 . 1 . 1 . . Unauthorized Hacks 19 | . 4 . 8 . . . 4 3 . . . . . . . . Terminals 19 | . 4 . 8 . . . 4 3 . . . . . . . . Botnet 7 | . 1 . 2 . . . 2 2 . . . . . . . . Operators 2 | . . . 1 . . . 1 . . . . . . . . . Skim 10 | . 3 . 5 . . . 1 1 . . . . . . . . Fabricators . | . . . . . . . . . . . . . . . . . Repair Stations . | . . . . . . . . . . . . . . . . . Recycling Units . | . . . . . . . . . . . . . . . . . Scanalyzers . | . . . . . . . . . . . . . . . . . Garrison Access . | . . . . . . . . . . . . . . . . . Data Cores Recovered 1 | . . . . . . . . . . . . 1 . . . . Used . | . . . . . . . . . . . . . . . . . Hacking Detections 27 | . 3 . 5 . . . 2 6 . 3 . 1 2 3 . 2 Full Trace Events 2 | . . . . . . . . . . . . . 1 1 . . Feedback Events 1 | . . . . . . . . . . . . . 1 . . . Corruption 1 | . . . . . . . . . . . . . 1 . . . Feedback Blocked . | . . . . . . . . . . . . . . . . . Robot Schematics Acquired . | . . . . . . . . . . . . . . . . . Robots Built . | . . . . . . . . . . . . . . . . . Authchips . | . . . . . . . . . . . . . . . . . Time . | . . . . . . . . . . . . . . . . . Total Robot Build Rating . | . . . . . . . . . . . . . . . . . Part Schematics Acquired . | . . . . . . . . . . . . . . . . . Parts Built . | . . . . . . . . . . . . . . . . . Authchips . | . . . . . . . . . . . . . . . . . Time . | . . . . . . . . . . . . . . . . . Total Part Build Rating . | . . . . . . . . . . . . . . . . . Parts Repaired . | . . . . . . . . . . . . . . . . . Time . | . . . . . . . . . . . . . . . . . Parts Recycled . | . . . . . . . . . . . . . . . . . Recycled Matter . | . . . . . . . . . . . . . . . . . Retrieved Matter . | . . . . . . . . . . . . . . . . . Retrieved Components . | . . . . . . . . . . . . . . . . . Parts Scanalyzed . | . . . . . . . . . . . . . . . . . Part Schematics Acquired . | . . . . . . . . . . . . . . . . . Parts Damaged . | . . . . . . . . . . . . . . . . . Bothacking | -11 -10 -10 -9 -9 -9 -8 -8 -7 -7 -7 -7 -6 -6 -6 -6 -5 ------------ Run | Yrd Mat Min Mat Min Exi Min Mat Fac Gar Fac Gar Fac Gar Fac Gar Fac Used RIF Installer 3 | . . . . . . . . . 1 . 1 . 1 . . . Threat Obfuscator 2 | . . . . . . . . . . . 1 . 1 . . . Robots Hacked 18 | . . . . . . . . . . . 10 . 6 2 . . Non-combat . | . . . . . . . . . . . . . . . . . Combat 18 | . . . . . . . . . . . 10 . 6 2 . . Robot Hacks Applied 18 | . . . . . . . . . . . 10 . 6 2 . . streamctrl_high 1 | . . . . . . . . . . . 1 . . . . . formatsys_high 17 | . . . . . . . . . . . 9 . 6 2 . . Relay Couplers Released 32 | . . . . . . . . . 12 . 7 . 13 . . . Machine Destruction 32 | . . . . . . . . . 12 . 7 . 13 . . . Attached 11 | . . . . . . . . . 1 . 5 . 4 1 . . Fabnet Peak Effective % . | . . . . . . . . . . . . . . . . . Robots Rewired 3 | . . . . . . . . . . . 3 . . . . . Allies Hacked . | . . . . . . . . . . . . . . . . . Hacks Repelled . | . . . . . . . . . . . . . . . . . Allies | -11 -10 -10 -9 -9 -9 -8 -8 -7 -7 -7 -7 -6 -6 -6 -6 -5 -------- Run | Yrd Mat Min Mat Min Exi Min Mat Fac Gar Fac Gar Fac Gar Fac Gar Fac Total Allies 24 | . . . . 1 . . . . . . 13 . 8 2 . . Largest Group 9 | . . . . 1 1 . . . . . 9 6 9 8 . . Highest-Rated Group 266 | . . . . 31 31 . . . . . 192 144 231 266 . . Highest-Rated Ally 51 | . . . . 31 31 . . . . . 32 32 51 51 . . Total Orders 5 | . . . . . . . . . . . 2 3 . . . . STAY 2 | . . . . . . . . . . . 1 1 . . . . FOLLOW 3 | . . . . . . . . . . . 1 2 . . . . Ally Attacks 141 | . . . . . . . . . . . 50 15 61 15 . . Total Damage 4263 | . . . . . . . . . . . 968 452 1126 1717 . . Kills 41 | . . . . . . . . . . . 10 3 13 15 . . Allies Corrupted . | . . . . . . . . . . . . . . . . . Allies Melted . | . . . . . . . . . . . . . . . . . Intel | -11 -10 -10 -9 -9 -9 -8 -8 -7 -7 -7 -7 -6 -6 -6 -6 -5 ------- Run | Yrd Mat Min Mat Min Exi Min Mat Fac Gar Fac Gar Fac Gar Fac Gar Fac Robot Analysis Total . | . . . . . . . . . . . . . . . . . Derelict Logs Recovered 1 | . . . . 1 . . . . . . . . . . . . Drone Launches . | . . . . . . . . . . . . . . . . . Drone Recoveries . | . . . . . . . . . . . . . . . . . Exploration | -11 -10 -10 -9 -9 -9 -8 -8 -7 -7 -7 -7 -6 -6 -6 -6 -5 ------------- Run | Yrd Mat Min Mat Min Exi Min Mat Fac Gar Fac Gar Fac Gar Fac Gar Fac Turns Passed 15124 | 5 336 64 1242 1140 1099 773 1000 1722 1706 653 1376 1448 979 973 127 481 Spaces Moved 6888 | 5 240 26 455 445 451 161 359 746 774 394 550 444 510 489 119 720 Core 789 | . . . . . . . . . . . . . . . 69 720 Treads 4617 | . . . 378 445 451 161 359 746 774 394 550 359 . . . . Legs 348 | 5 240 26 77 . . . . . . . . . . . . . Wheels 1134 | . . . . . . . . . . . . 85 510 489 50 . Hover . | . . . . . . . . . . . . . . . . . Flight . | . . . . . . . . . . . . . . . . . Fastest Speed 50 | 120 120 120 120 240 240 240 160 162 160 160 160 120 120 116 50 50 Average Speed 169 | 120 120 120 184 240 240 240 161 164 182 160 202 241 161 127 79 50 Slowest Speed 320 | 120 120 120 240 240 240 240 162 165 243 160 240 320 175 150 120 50 Overloaded Moves . | . . . . . . . . . . . . . . . . . Propulsion Burnouts . | . . . . . . . . . . . . . . . . . Robots Hopped . | . . . . . . . . . . . . . . . . . Cave-ins Triggered 2 | . . . . . . . . 2 . . . . . . . . Exploration Rate (%) 38 | 2 49 8 42 88 92 44 30 13 76 11 58 10 70 13 22 19 Regions Visited 16 Branch Regions 4 Pre-discovered Areas 1 | . . . 1 . . . . . . . . . . . . . Known Exits Taken 4 | . . . . . . . . 1 . 1 . 1 . 1 . . Unknown Exits Taken 8 | 1 1 1 1 1 1 1 1 . . . . . . . . . Scrap Searched 1 | . . . . 1 . . . . . . . . . . . . Spaces Dug 10 | . 1 . . 4 . . . 5 . . . . . . . . Terrain Destroyed 372 | . 3 . . 33 . . 31 38 58 . 64 1 77 67 . . Melee 5 | . . . . . . . . 5 . . . . . . . . Projectile 9 | . 1 . . 4 . . . . . . . 1 . 3 . . AOE 358 | . 2 . . 29 . . 31 33 58 . 64 . 77 64 . . Terrain Rammed . | . . . . . . . . . . . . . . . . . Walls Destroyed . | . . . . . . . . . . . . . . . . . Machines Disabled . | . . . . . . . . . . . . . . . . . Actions | -11 -10 -10 -9 -9 -9 -8 -8 -7 -7 -7 -7 -6 -6 -6 -6 -5 --------- Run | Yrd Mat Min Mat Min Exi Min Mat Fac Gar Fac Gar Fac Gar Fac Gar Fac Total 9664 | 4 268 48 725 480 469 548 721 1166 922 417 743 807 620 734 152 840 Wait 1963 | . 15 10 154 5 17 387 304 332 31 15 94 337 28 110 19 105 Move 6874 | 4 239 25 454 444 450 160 358 745 772 394 549 444 509 489 118 720 Hop . | . . . . . . . . . . . . . . . . . Pick Up 82 | . 2 . 17 3 2 . 5 10 12 2 7 6 5 8 2 1 Fast Attach 45 | . 2 . 9 . . . 2 6 6 2 4 4 2 8 . . Attach 58 | . . 1 4 . . . 7 3 3 . 8 3 7 19 1 2 Detach 18 | . . . . . . . 3 . . . 1 2 1 9 2 . Swap 65 | . . . 3 8 . 1 8 9 10 . 7 . 12 7 . . Drop 89 | . 1 1 16 1 . . 5 13 13 4 5 5 5 18 2 . Fire 406 | . 9 11 68 19 . . 29 40 72 . 59 6 27 66 . . Melee 7 | . . . . . . . . 7 . . . . . . . . Ram 9 | . . . . . . . . . . . . . . . . 9 Kick . | . . . . . . . . . . . . . . . . . Crush 3 | . . . . . . . . . . . . . . . . 3 Escape Stasis 44 | . . . . . . . . 1 3 . 8 . 24 . 8 . Rewire 1 | . . . . . . . . . . . 1 . . . . . Trap . | . . . . . . . . . . . . . . . . . Miscellaneous . | . . . . . . . . . . . . . . . . . Route ------- -11/Scrapyard -10/Materials (discovered 4 exits: *Mat x2 / [*Min x2]) -10/Mines -9/Materials (discovered 3 exits: [*Min] / [*Sto x2]) -9/Mines (discovered 2 exits: *Mat / *Exi) -9/Exiles (discovered 2 exits: [*Min x2]) -8/Mines -8/Materials -7/Factory (discovered 3 exits: *Low x2 / Gar) -7/Garrison (discovered 3 exits: *Fac x3) -7/Factory -7/Garrison (discovered 3 exits: *Fac x2 / [*Fac]) -6/Factory -6/Garrison (discovered 3 exits: *Fac x3) -6/Factory -6/Garrison -5/Factory History --------- Turn | Location | Event 1 | -11/Scrapyard | Discovered new exit (range 3) 6 | -11/Scrapyard | Entered Materials 66 | -10/Materials | Discovered new exit (range 9) 100 | -10/Materials | Discovered new exit (range 5) 294 | -10/Materials | Discovered new exit (range 10) 307 | -10/Materials | Discovered new exit (range 15) 316 | -10/Materials | Build established: Mutant 342 | -10/Materials | Entered Mines 388 | -10/Mines | Discovered new exit (range 9) 406 | -10/Mines | Entered Materials 406 | -9/Materials | Evolved 2 slots: Utility x2 499 | -9/Materials | Discovered new exit (range 11) 711 | -9/Materials | Discovered new exit (range 13) 1018 | -9/Materials | Learned Storage terminal intel 1108 | -9/Materials | Learned location of Zion (-6) 1138 | -9/Materials | Loaded intel: 12 terminal locations 1157 | -9/Materials | Loaded intel: 17 trap records 1160 | -9/Materials | Discovered new exit (range 14) 1185 | -9/Materials | Learned location of 1 exit from Storage 1648 | -9/Materials | Entered Mines 1721 | -9/Mines | Discovered new exit (range 19) 1969 | -9/Mines | YI-UF0 nonchalantly dropped a Grenade Launcher on the ground 2077 | -9/Mines | Found a damaged Exp. Sensor Array with a note attached 2081 | -9/Mines | Found Prototype Device 2743 | -9/Mines | Received a Mining Laser from a helpful Derelict 2778 | -9/Mines | Deemed a non-threat by the Exiles lab entrance 2778 | -9/Mines | Discovered new exit (range 5) 2788 | -9/Mines | Entered Exiles 2788 | -9/Exiles | Accompanied by 1 ally 2827 | -9/Exiles | Discovered new exit (range 19) 2846 | -9/Exiles | Met 8R-AWN 2882 | -9/Exiles | Met EX-HEX 2956 | -9/Exiles | Met EX-BIN 2992 | -9/Exiles | Aligned with FarCom system 2995 | -9/Exiles | Given EX-Vault access code 3050 | -9/Exiles | Opened EX-Vault 3064 | -9/Exiles | Found 0b10 Alert Chip 3121 | -9/Exiles | Warned to stay clear of 0b10 Research branches 3173 | -9/Exiles | Met EX-DEC 3266 | -9/Exiles | Visited The Gauntlet 3839 | -9/Exiles | Discovered new exit (range 15) 3887 | -9/Exiles | Left Exiles lab with 0b10 Alert Chip 3887 | -9/Exiles | Entered Mines 4232 | -8/Mines | Discovered new exit (range 9) 4660 | -8/Mines | Entered Materials 4660 | -8/Materials | Evolved 2 slots: Propulsion x2 5608 | -8/Materials | Discovered new exit (range 16) 5660 | -8/Materials | Entered Factory 5660 | -7/Factory | Evolved 2 slots: Utility x2 5661 | -7/Factory | Identified exit to Lower Caves 5680 | -7/Factory | Discovered exit to Lower Caves (range 6) 5871 | -7/Factory | Identified Exp. Sensor Array 6177 | -7/Factory | Build established: Skirmisher 6999 | -7/Factory | Found Prototype Launcher 6999 | -7/Factory | Identified Rocket Array 7137 | -7/Factory | Crushed by falling debris 7138 | -7/Factory | System corruption reached 10% 7152 | -7/Factory | Crushed by falling debris 7183 | -7/Factory | Lost 3 parts (1p1u1w) 7382 | -7/Factory | Identified exit to Garrison 7382 | -7/Factory | Entered Garrison 7478 | -7/Garrison | Triggered checkpoint 7603 | -7/Garrison | Garrison Relay disabled 7694 | -7/Garrison | Build established: Mutant 7743 | -7/Garrison | Triggered checkpoint 7743 | -7/Garrison | Triggered checkpoint 7816 | -7/Garrison | Triggered checkpoint 7822 | -7/Garrison | Triggered checkpoint 7847 | -7/Garrison | Destroyed 7 combat bots 7978 | -7/Garrison | Triggered checkpoint 8064 | -7/Garrison | Discovered new exit (range 14) 8292 | -7/Garrison | Discovered new exit (range 27) 8292 | -7/Garrison | Discovered new exit (range 34) 8292 | -7/Garrison | Discovered new exit (range 61) 8443 | -7/Garrison | Triggered checkpoint 8513 | -7/Garrison | Installed Relay Interface Framework 8571 | -7/Garrison | Garrison Relay disabled 8662 | -7/Garrison | Triggered checkpoint 8705 | -7/Garrison | Garrison Relay disabled 9088 | -7/Garrison | Entered Factory 9184 | -7/Factory | Build established: Bothacker-Mutant 9741 | -7/Factory | Identified exit to Garrison 9741 | -7/Factory | Entered Garrison 9819 | -7/Garrison | Triggered checkpoint 9838 | -7/Garrison | Discovered new exit (range 6) 9937 | -7/Garrison | Triggered checkpoint 9963 | -7/Garrison | Garrison Relay disabled 10033 | -7/Garrison | Core integrity fell below 50% 10133 | -7/Garrison | Triggered checkpoint 10139 | -7/Garrison | Triggered checkpoint 10143 | -7/Garrison | Triggered checkpoint 10153 | -7/Garrison | Triggered checkpoint 10182 | -7/Garrison | Destroyed 14 combat bots 10189 | -7/Garrison | Lost 4 allies 10238 | -7/Garrison | Discovered new exit (range 9) 10291 | -7/Garrison | Build established: Commander-Mutant 10362 | -7/Garrison | Phase Generator disabled 10393 | -7/Garrison | Lost 3 parts (2n1u) 10447 | -7/Garrison | Triggered checkpoint 10863 | -7/Garrison | Triggered checkpoint 10965 | -7/Garrison | Garrison Relay disabled 11013 | -7/Garrison | Discovered new exit (range 10) 11063 | -7/Garrison | Expanded RIF knowledge: Threat Obfuscation 11117 | -7/Garrison | Entered Factory 11117 | -6/Factory | Accompanied by 6 allies 11117 | -6/Factory | Evolved 2 slots: Power x1, Weapon x1 11443 | -6/Factory | Build established: Bothacker-Skirmisher 12565 | -6/Factory | Identified exit to Garrison 12565 | -6/Factory | Entered Garrison 12565 | -6/Garrison | Accompanied by 6 allies 12579 | -6/Garrison | Expanded RIF knowledge: Threat Obfuscation 12607 | -6/Garrison | Triggered checkpoint 12635 | -6/Garrison | Garrison Relay disabled 12681 | -6/Garrison | Triggered checkpoint 12683 | -6/Garrison | Triggered checkpoint 12717 | -6/Garrison | Triggered checkpoint 12743 | -6/Garrison | Lost 4 allies 12811 | -6/Garrison | Triggered checkpoint 12859 | -6/Garrison | Discovered new exit (range 13) 13056 | -6/Garrison | Discovered new exit (range 10) 13094 | -6/Garrison | Triggered checkpoint 13127 | -6/Garrison | Garrison Relay disabled 13275 | -6/Garrison | Spotted Executioner 13275 | -6/Garrison | Spotted Executioner 13409 | -6/Garrison | Triggered checkpoint 13450 | -6/Garrison | Lost 3 allies 13451 | -6/Garrison | Garrison Relay disabled 13491 | -6/Garrison | Discovered new exit (range 14) 13530 | -6/Garrison | Rescued a captive Derelict 13532 | -6/Garrison | Rescued a captive Derelict 13544 | -6/Garrison | Entered Factory 13544 | -6/Factory | Accompanied by 7 allies 13876 | -6/Factory | Lost 8 allies 14244 | -6/Factory | First assault squad dispatched 14419 | -6/Factory | System corruption reached 10% 14449 | -6/Factory | Lost 7 parts (1p2n3u1w) 14517 | -6/Factory | Identified exit to Garrison 14517 | -6/Factory | Entered Garrison 14548 | -6/Garrison | Lost 3 parts (1p1n1u) 14605 | -6/Garrison | Released all parts (8) 14618 | -6/Garrison | Spotted B-75 Beast 14619 | -6/Garrison | Triggered checkpoint 14621 | -6/Garrison | Core integrity fell below 50% 14622 | -6/Garrison | Triggered checkpoint 14638 | -6/Garrison | Discovered new exit (range 9) 14644 | -6/Garrison | Entered Factory 14644 | -5/Factory | Evolved 2 slots: Propulsion x2 14911 | -5/Factory | Build established: Mutant 15096 | -5/Factory | Core integrity fell below 50% 15103 | -5/Factory | Core integrity fell below 20% 15125 | -5/Factory | Destroyed by S-27 Virus with Autogun Last Messages --------------- 14901_ ALERT: All DSF locations entering lockdown mode. 14946_ U-05 Engineer works on Matter Pump. 14984_ Triggered Ambush Trap. 14984_ B-60 Warrior emerges from a hatch in the floor. 14984_ L-41 Fighter emerges from a hatch in the floor. 15004_ Detecting nearby Garrison Access. 15010_ Connecting with DSF Access... 15010_ Current location identified: Factory 15020_ C-30 ARC bursts open, deploying its payload. 15020_ B-60 Warrior unfolds itself. 15020_ G-50 Soldier unfolds itself. 15058_ Connecting with Terminal... 15070_ Connecting with Repair Station... 15081_ Slammed into P-70 Sage. 15110_ Assembly Bed disabled. 15122_ Slammed into S-27 Virus. Map ----- +----------------------------------------------------+ | ???# #?????????????????????????????????? | | ???# #######???????????????????????????? | | ???# #???????????????????????????? | | ???# #???????????????????????????? | | #### """" #???????????????????????????? | | """" ##########??????????????????? | | """" # #??????????????????? | | """" # """ #??????????????????? | | """" # """ [#??????????????????? | | """ # """ #??????????????????? | | ##### + #??????????????????? | | ????# # """ #??????????????????? | | ????# # """ #??????????????????? | | ????# # """ #??????????????????? | | ????# """""" # #??????????????????? | | ????# """""" #########???????????????????? | | ????+ """""" #???????????????????????????? | | ????# """""" #?????#########?????????????? | | ????# """"""g ###?????# #?????????????? | | ????# """""" ######### #?????????????? | | ????# """""" # # #?????????????? | | ????# """""" # ] # ] #?????????????? | | ????# """""" p s # !#?????????????? | | ? T s/ != #?????????????? | | ##???## s p s # != #?????????????? | | ??????##+########+## @ # != #?????????????? | | ???????????????????# s# #?????????????? | | ???????????????????#### #### #?????????????? | | ??????????????????????# #??# #?????????????? | | ??????????????????????# #??#########?????????????? | | ??????????????????????# #????????????????????????? | | ??????????????????????# #????????????????????????? | | ?????????########?????#+#????????????????????????? | | ?????????# !!! ]#????????????????????????????????? | | ?????????# !!! #????????????????????????????????? | | ########## !!! #???????Y????????????????????????? | | + #????????????????????????????????? | | ########## #????????????????????????????????? | | ?????????# ! #????????????????????????????????? | | ?????????##+#####????????????????????????????????? | | ??????????# #????????????????????????????????????? | | ??????????# #????????????????????????????????????? | | ??????????# #????????????????????????????????????? | | ??????????# #????????????????????????????????????? | | ########### ########?????????????????????????????? | | + +???????????????????????? | | #########+########?????????????????????????????? | | #??????? ????????????????????????????????????? | | ]#??????? ????????????????????????????????????? | | #?????? ???????????????????????????????????? | +----------------------------------------------------+ Best States ------------- Heat Dissipation 70 Energy Generation 28 Energy Capacity 340 Matter Stores 300 Matter Capacity 300 Sight Range 20 Robot Scan Range 20 Terrain Scan Density 10 Additional Mass Support 12 Armor Coverage 750 Resistance: KI 30 Evasion (%) 55 Targeting Accuracy 8 Recoil Reduction 4 Offensive Hacking 12 Defensive Hacking 10 Relay Coupler Types 2 Relay Coupler Value 50 Item Schematics ----------------- None Robot Schematics ------------------ None Fabricated ------------ Nothing Alien Tech Used ----------------- None Achievements -------------- Dramatic Entrance Short-term Sacrifices Challenges ------------ None Game ------ Seed ScrapMicrowarpBank Manual? 0 Play Time 03:01:39 Cumulative 44.0 hours Start 2024.10.18 @ 20:12:03 End 2024.10.18 @ 23:07:08 Sessions 2 Manual Loads 0 Difficulty Rogue Special Mode None Game No. 44 Rogue 26 Adventurer 16 Explorer 2 Win Type - Total 1 Types 1/0/0/0/0/0/0/0/0 Lore% 13 Gallery% 37 Achievement% 33 Wizard Run 0 Options --------- Layout 2 ASCII 0 Keyboard 0 Movement Mouse Keybinds 1 Fullscreen 2 Font 24/Terminus Map View 50x44 Zoom Use 0% Tactical HUD 1 Map Filters NONE Filters NONE Steam 1 RUN: 1546fc48-45c2-49f3-b629-6265e244136c